 Dungeon Crawl Stone Soup version 0.31.0-11-ge490571c62 (webtiles) character file.

Game seed: 17691256346743257203

126 javelincjr the Changeling (level 4, -7/34 HPs)
             Began as a Demonspawn Shapeshifter on Jan 31, 2024.
             Mangled by Skitler's ghost (14 damage)
             ... on level 3 of the Dungeon.
             The game lasted 00:06:12 (2565 turns).

javelincjr the Changeling (Demonspawn Shapeshifter) Turns: 2565, Time: 00:06:12

Health: -7/34      AC:  2    Str: 16    XL:     4   Next: 83%
Magic:  4/4        EV: 12    Int: 10    God:
Gold:   149        SH:  0    Dex: 13    Spells: 3/3 levels left

rFire   . . .        t - +1 dagger (drain)
rCold   . . .        (no shield)
rNeg    + . .        a - +0 animal skin
rPois   .            (helmet currently unavailable)
rElec   .            (cloak currently unavailable)
rCorr   .            (gloves currently unavailable)
SInv    .            (boots currently unavailable)
Will    +....        (no amulet)
Stlth   +            f - ring of positive energy
HPRegen 0.25/turn    p - ring of willpower
MPRegen 0.09/turn

%: no passive effects
@: beast-form
A: beast (slay +2), foul stench 2
a: Begin Untransformation


You were on level 3 of the Dungeon.
You were a hulking beast.
You visited 1 branch of the dungeon, and saw 3 of its levels.

You collected 149 gold pieces.

Inventory:

Hand Weapons
 l - a +2 dagger of venom
 t - a +1 dagger of draining (weapon)
Missiles
 i - 4 poisoned darts (quivered)
Armour
 a - a +0 animal skin (worn)
 k - a +0 cloak
 o - a +0 helmet
Jewellery
 f - a ring of positive energy (left hand)
 p - a ring of willpower (right hand)
 q - a ring of fire
 r - a ring of protection from cold
Talismans
 c - a beast talisman
 d - a flux talisman
Scrolls
 e - 2 scrolls of poison {unknown}
 h - 3 scrolls of identify {unknown}
 j - a scroll of enchant weapon {unknown}
 m - a scroll of torment {unknown}
 s - a scroll of noise {unknown}
Potions
 b - a potion of lignification
 g - 2 potions of curing {unknown}
 n - a potion of brilliance {unknown}
 u - a potion of mutation {unknown}


   Skills:
 + Level 2.6 Fighting
 - Level 2.1 Dodging
 - Level 3.0 Unarmed Combat
 * Level 3.9 Shapeshifting


You had 3 spell levels left.
You didn't know any spells.
Your spell library contained the following spells:

 Spells                   Type           Power      Damage    Failure   Level
 Hailstorm                Conj/Ice       0%         3d5       75%         3
 Summon Ice Beast         Ice/Summ       0%         N/A       75%         3
 Sculpt Simulacrum        Ice/Alch       0%         N/A       100%        6


Dungeon Overview and Level Annotations

Branches:
Dungeon (3/15)

Altars:
Cheibriados
Gozag

Annotations:
D:3 Skitler's ghost, weakling DsFi


Innate Abilities, Weirdness & Mutations

You are a hulking beast.
Your limbs bulge with bestial killing power. (Slay +2)
You sometimes emit foul miasma when damaged in melee.


Message History

You closely miss the kobold. The kobold hits you but does no damage.
You hit the kobold. You punch the kobold.
You kill the kobold!
No target in view!
No target in view!
g - 2 amethyst potions (gained 1)
Things that are here:
a +0 dagger; 2 stones; a kobold corpse
u - a murky dark potion
Found a runed translucent gate.
Found an opulent altar of Gozag.
The hobgoblin shouts!
Found 38 gold pieces.
Found 22 gold pieces.
The kobold shouts!
The orc shouts!
Skitler's ghost turns its malevolent gaze towards you.
Okay, then.
Could not explore, unopened runed door.
You open the gate.
You hit Skitler's ghost but do no damage.
Skitler's ghost hits you.
You emit a cloud of foul miasma!
You hit the hobgoblin. You drain the hobgoblin.
The hobgoblin is almost dead.
Skitler's ghost barely misses you. The hobgoblin closely misses you.
You barely miss the hobgoblin.
The hobgoblin is almost dead.
Skitler's ghost closely misses you. The hobgoblin closely misses you.
You hit the hobgoblin.
You kill the hobgoblin!
Skitler's ghost hits you!
Your life force feels restored.
You hit the orc.
The orc is lightly wounded.
Skitler's ghost hits you!
* * * LOW HITPOINT WARNING * * *
The orc closely misses you.
You barely miss the orc. Your punch misses the orc.
The orc is lightly wounded.
Skitler's ghost hits you!
You die...

..............#...........#.#.###
##.......#########..........#.# #
######...##.8∩8.##.........#.# #
#######...#.$$...∩#.........#.# #
.....##...#8$$8$.8#.........#.# #
.....##...#..$_...#........##.# #
....~~~...##...$K##........##.# #
.##†≈≈≈~..###''W##.........##.# #
.#_~~.≈~..#....oh..........##.# #
.##~≈≈≈~.##................##.###
.)..~~~.....#..##############.#..
.....########.## #.#.# .###....#
#.# #.#.# .# ####.# #.# #.#.# .#
#.#####.# #.#.# .# #.......#
#.#.# .# ######### #.#..


You could see Skitler's ghost, an orc and a kobold.

Vanquished Creatures
  3 gnolls (D:3)
  2 adders (D:2)
  2 dart slugs
  2 ribbon worms (D:3)
  An orc (D:2)
  5 bats
  5 endoplasms
  3 giant cockroaches
  3 goblins
  9 hobgoblins
  3 quokkas
  5 ball pythons
  7 frilled lizards
  14 kobolds
  3 rats (D:2)
67 creatures vanquished.

Notes
Turn   | Place    | Note
-------+----------+-------------------------------------------
     0 | D:1      | javelincjr the Demonspawn Shapeshifter began the quest for
                  | the Orb.
     0 | D:1      | Reached XP level 1. HP: 15/15 MP: 1/1
   140 | D:1      | You fall into a shaft and drop 1 floor!
   156 | D:2      | Gained mutation: You may rarely emit foul miasma when
                  | damaged in melee. [demonic ancestry]
   156 | D:2      | Reached XP level 2. HP: 16/21 MP: 2/2
   864 | D:2      | Gained mutation: You sometimes emit foul miasma when
                  | damaged in melee. [demonic ancestry]
   864 | D:2      | Reached XP level 3. HP: 15/27 MP: 3/3
   933 | D:2      | Noticed an eye of devastation
   935 | D:2      | Noticed a glass eye
   938 | D:2      | Found a faded altar of an unknown god.
   942 | D:2      | Noticed an eye of devastation
   943 | D:2      | Noticed a glass eye
  1413 | D:2      | Reached XP level 4. HP: 32/33 MP: 4/4
  1894 | D:3      | Found a runed translucent gate.
  2435 | D:3      | Found a snail-covered altar of Cheibriados.
  2549 | D:3      | Found a runed translucent gate.
  2549 | D:3      | Found a runed translucent gate.
  2551 | D:3      | Found an opulent altar of Gozag.
  2552 | D:3      | Noticed Skitler's ghost (weakling DsFi)
  2565 | D:3      | Mangled by Skitler's ghost

Illustrated notes

Levels and vault maps discovered:
D:1:      saegor_arrival_simple_d, layout_loops_ring
D:2:      layout_basic, hellmonk_ecumenical_altar_watching_god, minivault_24,
          minmay_goblin_kobold_house
D:3:      layout_basic, kennysheep_slug_shrine, ebering_ghost_gozag

Skill      XL: |  1  2  3 |
---------------+----------+-----
Dodging        | 2 |  2.1
Unarmed Combat | 3 |  3.0
Shapeshifting  | 3 |  3.9
Fighting       | 2 |  2.6

Action                     |  1- 3 |  4- 6 || total
---------------------------+-------+-------++-------
  Melee: Unarmed           |   115 |     3 ||   118
         Punch             |     2 |     1 ||     3
         Dagger            |       |    55 ||    55
  Throw: Dart              |       |     6 ||     6
   Stab: Sleeping          |       |     1 ||     1
 Armour: Animal skin       |    54 |    23 ||    77
  Dodge: Dodged            |    84 |    29 ||   113
